AoeStats
← bnb92110

Arena

505247654Analyzed
3v3 RM · 23d ago on Sep 8, 2026· 57m 9s· 6 players
Game mode
Random Map
Map size
Normal (6 player)
Population
200
Speed
Normal
Resources
Standard
Victory
Conquest
Starting age
Dark Age
Ending age
Imperial Age
RankedLock teamsTeams togetherTeam positionsShared explorationLock speedFull tech treeHidden civsTurbo modeCheats
Victory
Defeat
🇹🇼 Mongols · Taiwan
877
+15
🇺🇸 Celts · United States
869
+40
🇯🇵 Japanese · Japan
867
+16
🇹🇼 Tupi · Taiwan
868
-26
🇹🇼 Poles · Taiwan
866
-32
🇹🇼 Teutons · Taiwan
849
-15
臭老豬223
6:09 Loom
10:54 Feudal Age
12:46 Town Watch
12:55 Fletching
13:05 Scale Mail Armor
13:09 Double-Bit Axe
14:18 Forging
17:29 Horse Collar
17:30 Man-at-Arms
20:23 Stone Mining
20:34 Arson
23:34 Arson
28:48 Castle Age
29:34 Long Swordsman
29:35 Pikeman
30:01 Gambesons
30:17 Squires
30:54 Town Patrol
31:30 Wheelbarrow
31:08 Bow Saw
31:02 Heavy Plow
34:51 Iron Casting
34:32 Chain Mail Armor
36:08 Stone Shaft Mining
37:40 Ballistics
38:45 Masonry
38:50 Bodkin Arrow
40:50 Hand Cart
43:58 Imperial Age
42:18 Fortified Wall
43:29 Ironclad
43:32 Caravan
43:27 Gold Mining
45:59 Blast Furnace
45:30 Plate Mail Armor
46:39 Crop Rotation
48:41 Two-Man Saw
47:26 Halberdier
47:27 Two-Handed Swordsman
51:48 Two-Handed Swordsman
51:48 Halberdier
56:44 Champion
bnb92110
11:29 Feudal Age
15:48 Castle Age
16:00 Double-Bit Axe
16:09 Gold Mining
20:02 Horse Collar
24:03 Bow Saw
23:58 Heavy Plow
32:01 Imperial Age
29:50 Forging
29:40 Scale Mail Armor
29:46 Scale Barding Armor
29:47 Squires
29:32 Arson
30:39 Wheelbarrow
30:52 Bloodlines
30:43 Husbandry
30:42 Light Cavalry
33:12 Szlachta Privileges
35:08 Crop Rotation
35:49 Iron Casting
35:31 Chain Mail Armor
35:10 Winged Hussar
35:21 Elite Obuch
37:11 Lechitic Legacy
40:14 Hand Cart
42:12 Blast Furnace
41:33 Chain Barding Armor
41:44 Plate Mail Armor
55:29 Cavalier
你家失火
10:49 Feudal Age
15:57 Castle Age
15:06 Loom
25:04 Pikeman
28:41 Fletching
30:32 Wheelbarrow
35:08 Double-Bit Axe
35:14 Gold Mining
35:05 Horse Collar
37:24 Bodkin Arrow
38:02 Bow Saw
39:35 Hand Cart
41:58 Imperial Age
40:16 Gold Shaft Mining
41:58 Hand Cart
42:14 Stone Mining
42:28 Heavy Plow
42:40 Scale Mail Armor
43:54 Halberdier
46:00 Elite Blackwood Archer
49:07 Bracer
49:23 Chain Mail Armor
50:23 Elite Blackwood Archer
52:59 Curare
schmilkers
11:19 Feudal Age
11:50 Loom
17:21 Castle Age
17:01 Fletching
32:41 Horse Collar
33:31 Man-at-Arms
34:48 Gold Mining
35:00 Heavy Plow
36:38 Wheelbarrow
36:31 Long Swordsman
37:08 Stone Mining
38:26 Hand Cart
38:11 Double-Bit Axe
40:01 Gambesons
41:16 Stone Shaft Mining
41:19 Gold Shaft Mining
40:58 Bow Saw
40:51 Bodkin Arrow
42:23 Forging
45:38 Iron Casting
49:58 Imperial Age
47:16 Town Watch
47:57 Padded Archer Armor
47:58 Scale Mail Armor
49:25 Murder Holes
49:11 Treadmill Crane
49:52 Ballistics
49:43 Masonry
50:34 Town Patrol
51:02 Capped Ram
52:07 Conscription
52:21 Two-Handed Swordsman
52:49 Arson
52:41 Siege Ram
53:25 Champion
56:50 Blast Furnace
56:12 Chain Mail Armor
57:00 Caravan
knight
11:19 Feudal Age
10:23 Loom
15:46 Castle Age
13:49 Double-Bit Axe
13:57 Horse Collar
15:24 Gold Mining
15:36 Stone Mining
17:01 Heavy Plow
17:36 Bow Saw
20:20 Wheelbarrow
25:02 Hand Cart
25:30 Gold Shaft Mining
35:12 Imperial Age
34:31 Forging
34:22 Scale Mail Armor
34:29 Squires
37:32 Iron Casting
38:13 Two-Man Saw
37:40 Siege Engineers
38:03 Kataparuto
38:05 Conscription
39:36 Blast Furnace
38:54 Chain Mail Armor
38:34 Treadmill Crane
41:35 Chemistry
40:55 Ballistics
41:16 Plate Mail Armor
41:34 Pikeman
42:03 Arson
42:24 Halberdier
roger777
1:45 Loom
3:41 Loom
7:44 Loom
10:07 Feudal Age
12:27 Double-Bit Axe
14:50 Castle Age
29:03 Fletching
30:59 Horse Collar
32:55 Wheelbarrow
32:56 Bodkin Arrow
34:07 Bloodlines
37:44 Hand Cart
40:43 Imperial Age
39:34 Town Watch
40:40 Nomads
41:18 Ballistics
41:14 Forging
41:06 Padded Archer Armor
41:17 Thumb Ring
40:59 Onager
43:13 Chemistry
43:39 Parthian Tactics
44:40 Drill
44:10 Pikeman
44:52 Heavy Scorpion
46:08 Light Cavalry
47:25 Conscription
48:15 Bracer
48:17 Hussar
53:08 Scale Barding Armor
53:19 Leather Archer Armor
53:41 Iron Casting
52:40 Elite Mangudai
56:02 Chain Barding Armor
Connection lost

Rejoining the realm…

Still unreachable

The connection could not be restored.

Session expired

The server has moved on; the page needs a fresh start.